 Dungeon Crawl Stone Soup version 0.29-a0-919-gd064cfad1c (webtiles) character file.

Game seed: 13632626848830926963

184950 frimble the Fighter (level 17, -9/136 HPs)
             Began as a Demonspawn Hedge Wizard on July 23, 2022.
             Was a High Priest of Cheibriados.
             Mangled by a salamander tyrant (24 damage)
             ... on level 4 of the Snake Pit on July 26, 2022.
             The game lasted 00:55:31 (28643 turns).

frimble the Fighter (Demonspawn Hedge Wizard)      Turns: 28643, Time: 00:55:32

Health: -9/136     AC: 27    Str: 24    XL:     17   Next: 79%
Magic:  9/31       EV: 21    Int: 34    God:    Cheibriados [*****.]
Gold:   1955       SH:  5    Dex: 31    Spells: 25/37 levels left

rFire   . . .      SeeInvis .   K - +12 pair of quick blades "Gyre" and "Gimble" {protect}
rCold   . . .      Faith    .   (shield currently unavailable)
rNeg    . . .      Spirit   .   t - +1 troll leather armour
rPois   .          Reflect  +   e - +1 helmet
rElec   .          Harm     .   u - +1 cloak
rCorr   .          Rampage  .   P - +2 pair of gloves
Will    +....                   (boots unavailable)
Stlth   +++++.....              b - amulet of reflection
HPRegen 4.12/turn               k - +4 ring of protection
MPRegen 0.22/turn               a - +4 ring of slaying

@: under a protective aura, attractive, very slow
A: hooves 3, thin metallic scales 2, icemail 1, powered by death 2, condensation
shield
a: Renounce Religion, Bend Time, Temporal Distortion, Slouch, Step From Time


You were on level 4 of the Snake Pit.
You worshipped Cheibriados.
Cheibriados was extremely pleased with you.
You visited 5 branches of the dungeon, and saw 25 of its levels.
You also visited: Bailey and Ice Cave.

You collected 3145 gold pieces.
You spent 1190 gold pieces at shops.

Inventory:

Hand Weapons
 K - the +12 pair of quick blades "Gyre" and "Gimble" (weapon) {protect}
   (You bought it in a shop on level 2 of the Orcish Mines)

   It grants its wielder temporary protection when it strikes (+7 to AC).
Missiles
 R - 6 javelins
Armour
 e - a +1 helmet (worn)
 h - a +1 tower shield of protection
 m - a +0 kite shield
 t - a +1 troll leather armour (worn)
 u - a +1 cloak (worn)
 P - a +2 pair of gloves (worn)
 S - a +0 robe of resistance
Jewellery
 a - a +4 ring of slaying (right hand)
 b - an amulet of reflection (around neck)
 j - a ring of fire
 k - a +4 ring of protection (left hand)
 s - a ring of positive energy
 z - a ring of poison resistance
 E - a ring of magical power
 M - a ring of positive energy
 T - a ring of ice
 W - an amulet of the acrobat
 X - a ring of the Octopus King {rF+ HP+2 AC+2 EV+2 SH+2}
   (You found it on level 2 of the Snake Pit)

   [ring of protection from fire]

   AC:        It affects your AC (+2).
   EV:        It affects your evasion (+2).
   rF:        It protects you from fire.
   HP:        It affects your health (+2).
   SH:        It affects your SH (+2).
Wands
 D - a wand of quicksilver (17)
 G - a wand of iceblast (3)
 L - a wand of flame (26)
Scrolls
 f - 4 scrolls of blinking
 g - 10 scrolls of teleportation
 n - 2 scrolls of amnesia
 q - 6 scrolls of magic mapping
 w - a scroll of butterflies
 A - 2 scrolls of silence
 B - 11 scrolls of identify
 N - a scroll of enchant weapon
 U - a scroll of torment
 V - 3 scrolls of fear
 Y - a scroll of immolation
Potions
 c - 7 potions of curing
 d - 2 potions of magic
 i - 7 potions of flight
 l - 3 potions of mutation
 o - 4 potions of haste
 p - 4 potions of brilliance
 r - a potion of ambrosia
 v - 4 potions of degeneration
 x - 2 potions of attraction
 C - a potion of resistance
 F - 4 potions of heal wounds
 H - 4 potions of lignification
 I - a potion of berserk rage
 O - a potion of cancellation
 Q - 2 potions of might
 Z - a potion of invisibility


   Skills:
 + Level 13.1 Fighting
 - Level 7.0(9.3) Short Blades
 - Level 9.5(10.5) Long Blades
 - Level 4.0 Armour
 + Level 8.7 Dodging
 + Level 9.4 Stealth
 - Level 2.1 Shields
 + Level 10.6 Spellcasting
 - Level 7.0 Conjurations
 - Level 1.0 Summonings
 - Level 5.7 Necromancy
 - Level 8.0 Translocations
 - Level 10.0 Fire Magic
 + Level 12.5 Invocations
 + Level 5.1 Evocations


You had 25 spell levels left.
You knew the following spells:

 Your Spells              Type           Power      Damage    Failure   Level
a - Magic Dart            Conj           100%       1d8       1%          1
b - Blink                 Tloc           100%       N/A       1%          2
c - Sticky Flame          Conj/Fire      66%        2d8       1%          4
d - Fireball              Conj/Fire      33%        3d14      2%          5

Your spell library contained the following spells:

 Spells                   Type           Power      Damage    Failure   Level
 Necrotise                Necr           100%       1d9       1%          1
 Shock                    Conj/Air       100%       1d9       1%          1
 Conjure Flame            Conj/Fire      66%        6-21      1%          3
 Dazzling Flash           Conj/Hex       82%        N/A       1%          3
 Portal Projectile        Hex/Tloc       90%        N/A       1%          3
 Vampiric Draining        Necr           55%        2d9       1%          3
 Iskenderun's Mystic Bla  Conj/Tloc      62%        2d13      1%          4
 Freeze                   Ice            72%        1d9       2%          1
 Slow                     Hex            72%        N/A       2%          1
 Call Imp                 Summ           24%        N/A       2%          2
 Mephitic Cloud           Conj/Pois/Air  34%        N/A       3%          3
 Manifold Assault         Tloc           64%        N/A       3%          5
 Hailstorm                Conj/Ice       41%        3d10      6%          4
 Agony                    Necr           55%        N/A       7%          5
 Frozen Ramparts          Ice            36%        1d5       9%          3
 Swiftness                Air            18%        N/A       9%          3
 Tukima's Dance           Hex            18%        N/A       9%          3
 Anguish                  Hex/Necr       18%        N/A       9%          4
 Starburst                Conj/Fire      33%        6d10      13%         6
 Irradiate                Conj/Tmut      20%        3d18      19%         5
 Animate Armour           Summ/Erth      42%        N/A       22%         4
 Airstrike                Air            9%         0-4+      28%         4
 Ice Form                 Ice/Tmut       18%        N/A       28%         4
 Blade Hands              Tmut           9%         N/A       61%         5
 Iron Shot                Conj/Erth      20%        9d5       69%         6
 Simulacrum               Ice/Necr       18%        N/A       78%         6
 Dragon Form              Tmut           9%         N/A       100%        7
 Enfeeble                 Hex            9%         N/A       100%        7
 Storm Form               Tmut/Air       9%         N/A       100%        7
 Infestation              Necr           27%        N/A       100%        8
 Necromutation            Tmut/Necr      18%        N/A       100%        8


Dungeon Overview and Level Annotations

Branches:
Dungeon (13/15)            Temple (1/1) D:4            Lair (5/5) D:8
  Swamp (0/4) Lair:2        Snake (4/4) Lair:3        Slime (0/5) Lair:4
    Orc (2/2) D:10            Elf (0/3) Orc:2        Vaults (0/5) D:13
 Bailey (visited)           IceCv (visited)

Altars:
Ashenzari
Cheibriados
Dithmenos
Fedhas
Gozag
Kikubaaqudgha
Makhleb
Nemelex Xobeh
Qazlal
Ru
Trog
Uskayaw
Vehumet
Wu Jian
Yredelemnul
Jiyva

Shops:
D:2 [   D:10 *   D:11 (   Orc:2 (*[[

Portals:
Hell: Lair:5

Annotations:
D:4 Menkaure
D:5 1 runed translucent door, Crazy Yiuf
D:12 exclusion: ice statue
Snake:4 Roxanne
Orc:1 1 runed translucent door


Innate Abilities, Weirdness & Mutations

You have hooves in place of feet.
You are mostly covered in thin metallic scales. (AC +3)
A meltable icy envelope protects you from harm. (AC +0)
You regenerate health from kills.
A meltable shield of frost defends you. (SH +0)


Message History

The fiery explosion engulfs Vashnia!!
Flame seeps out of Vashnia.
Vashnia is almost dead.
The fiery explosion engulfs the salamander tyrant.
The salamander tyrant completely resists.
The salamander tyrant is moderately wounded.
The fiery explosion engulfs the naga!!
The naga is almost dead.
The fiery explosion engulfs you!!
You are engulfed in blazing flames.
You feel sick.
The salamander tyrant is attracted toward you.
The naga warrior is attracted toward you.
Your Evocations skill increases to level 5!
You feel sick.
The naga warrior roars a battlecry!
The nagas go into a battle-frenzy!
Vashnia is engulfed in blazing flames.
Cheibriados appreciates the change of pace.
Vashnia explodes!
The fiery explosion engulfs the naga sharpshooter!!
The naga sharpshooter is heavily wounded.
The fiery explosion engulfs the naga sharpshooter!!
The naga sharpshooter is heavily wounded.
The fiery explosion engulfs the naga!!
You kill the naga!
Cheibriados appreciates the change of pace.
The naga sharpshooter is engulfed in blazing flames.
The salamander tyrant hits you!
You are engulfed in flames!!
* * * LOW HITPOINT WARNING * * *
The naga sharpshooter is engulfed in blazing flames.
You hear a shout!
The naga sharpshooter is attracted toward you.
The naga is attracted toward you.
Okay, then.
Unknown command.
Okay, then.
Unknown command.
You feel better. The salamander tyrant hits you!
* * * LOW HITPOINT WARNING * * *
You are engulfed in flames!!
You die...

#..#.# #.... #..### ##....
###########...# #.....
.............## .....
.....§.......# ...
.....§.......######### ##'
.....(....§§.........#######.)
.....§)..§§NN)...............)
.....)....§NN@).....)..#######
###...##.§N#############..## #
#.......§))...# #...###
#....§..§.....# #.....#
#.....).......# ##....#
#.).....NNN#..# #.#..<#
#..............# ###.(..'
#..#........##.. #.#...##
##....⌠...### .. #.#...#.


You could see a naga warrior (strong), 2 naga sharpshooters, a salamander tyrant
(strong) and a naga (strong).

Vanquished Creatures
  Vashnia (Snake:4)
  3 nagarajas (Snake:4)
  Aizul (Snake:1)
  A dire elephant (Lair:5)
  The ghost of Rucothra the Fighter, a journeyman DjFE of Ashenzari (Lair:1)
  11 hydras
  2 salamander tyrants
  2 boulder beetles
  9 anacondas
  Erica (D:10)
  8 two-headed ogres
  12 naga warriors
  2 centaur warriors
  6 death yaks (Lair:5)
  7 shock serpents
  Urug (D:12)
  9 naga sharpshooters (Snake:4)
  Amaemon (Lair:2)
  A sun demon (Lair:5)
  A salamander mystic (Snake:4)
  10 skeletal warriors
  Lodul (D:10)
  9 naga ritualists
  A wizard (Lair:5)
  A necromancer (D:13)
  10 mana vipers
  A deep elf pyromancer (D:13)
  5 orc knights
  An oklob plant (Lair:5)
  A manticore (D:13)
  2 cyclopes
  2 orc sorcerers
  19 salamanders
  3 ugly things
  7 elephants
  2 ice statues (IceCv)
  Joseph (D:8)
  A torpor snail (Lair:4)
  15 naga magi
  23 black mambas
  6 guardian serpents
  A smoke demon (Lair:5)
  6 centaur zombies (D:13)
  14 cane toads
  2 unseen horrors
  A gargoyle (D:11)
  2 orange demons
  A freezing wraith (IceCv)
  5 rime drakes
  5 yaktaurs (D:12)
  7 komodo dragons
  2 red devils (Lair:5)
  A tengu conjurer (D:13)
  8 ice devils
  6 trolls
  A polar bear (Lair:1)
  Prince Ribbit (D:7)
  15 blink frogs
  13 slime creatures
  7 dream sheep (Lair:5)
  A meliai zombie (D:13)
  2 shadows
  3 wraiths
  3 vampires (D:13)
  32 yaks
  3 wyverns
  2 steam dragons (D:6)
  6 basilisks
  4 vampire mosquitoes
  A death yak simulacrum (IceCv)
  39 nagas
  4 wargs
  4 hell hounds (Lair:5)
  15 water moccasins
  An ice beast (D:7)
  5 black bears
  37 orc warriors
  14 ogres
  41 wolves
  22 centaurs
  2 boggarts (Orc:2)
  A phantom (D:5)
  7 bullfrogs
  4 necrophages
  2 cane toad simulacra (IceCv)
  A gnoll sergeant (D:9)
  A two-headed ogre simulacrum (Orc:1)
  2 scorpions (D:5)
  5 wights
  6 killer bees
  5 howler monkeys
  6 electric eels
  6 hounds
  15 orc priests
  A jelly (Orc:2)
  2 gnoll boudas
  Natasha (D:4)
  An iguana (D:6)
  3 spriggan simulacra (Orc:1)
  18 orc wizards
  7 hell rats (Lair:4)
  2 troll simulacra (Orc:1)
  A wolf simulacrum (IceCv)
  2 naga simulacra (Orc:1)
  11 gnolls
  3 adders
  3 shadow imps
  A white imp (D:6)
  8 ufetubi
  A worm (D:5)
  A dart slug (D:4)
  94 orcs
  6 ball pythons
  6 endoplasms
  7 giant cockroaches
  8 goblins
  10 hobgoblins
  2 kobolds (D:2)
  5 quokkas
  5 bats
  2 frilled lizards
  9 rats
821 creatures vanquished.

Vanquished Creatures (others)
  Nessos (Orc:2)
  4 gnolls (D:9)
  An orc (Orc:2)
  31 fungi
  36 plants
73 creatures vanquished.

Grand Total: 894 creatures vanquished

Notes
Turn   | Place    | Note
-------+----------+-------------------------------------------
     0 | D:1      | frimble the Demonspawn Hedge Wizard began the quest for the
                  | Orb.
     0 | D:1      | Reached XP level 1. HP: 13/13 MP: 4/4
    54 | D:1      | Reached skill level 1 in Short Blades
    90 | D:1      | Gained mutation: You have large cloven feet. [demonic
                  | ancestry]
    90 | D:1      | Reached XP level 2. HP: 15/19 MP: 6/6
   975 | D:2      | Found Socluohi's Armour Shoppe.
  1121 | D:2      | Reached XP level 3. HP: 24/24 MP: 7/7
  2045 | D:3      | Gained mutation: A meltable shield of frost defends you.
                  | (SH +0) [demonic ancestry]
  2045 | D:3      | Reached XP level 4. HP: 29/30 MP: 8/8
  2478 | D:4      | Identified a scroll of acquirement
  2478 | D:4      | Acquired frimble's Anthology of Molten Profane Liturgies
  2616 | D:3      | Reached XP level 5. HP: 11/36 MP: 7/9
  2830 | D:4      | Reached skill level 1 in Fighting
  2927 | D:4      | Noticed Menkaure
  3008 | D:5      | Entered Level 5 of the Dungeon
  3098 | D:5      | Learned a level 2 spell: Blink
  3110 | D:5      | Reached skill level 1 in Translocations
  3194 | D:5      | Found a basalt altar of Yredelemnul.
  3261 | D:5      | Reached skill level 2 in Fighting
  3261 | D:5      | Gained mutation: You regenerate a little health from kills.
                  | [demonic ancestry]
  3261 | D:5      | Reached XP level 6. HP: 40/44 MP: 10/10
  3315 | D:5      | Noticed a water moccasin
  3332 | D:5      | Killed a water moccasin
  3333 | D:5      | Reached skill level 3 in Fighting
  3709 | D:5      | Gained mutation: You have hoof-like feet. [demonic
                  | ancestry]
  3709 | D:5      | Reached XP level 7. HP: 47/52 MP: 11/11
  3714 | D:5      | Learned a level 4 spell: Sticky Flame
  4053 | D:5      | Reached skill level 1 in Fire Magic
  4058 | D:5      | Reached skill level 4 in Fighting
  4155 | D:5      | Found a runed translucent door.
  4156 | D:5      | Noticed Crazy Yiuf
  4576 | D:6      | Reached skill level 5 in Short Blades
  4934 | D:6      | Reached XP level 8. HP: 51/61 MP: 8/12
  5240 | D:4      | Found a hide-covered altar of Uskayaw.
  5460 | D:4      | Noticed Natasha
  5466 | D:4      | Killed Natasha
  5567 | D:4      | Found an ornate altar of the Wu Jian Council.
  5691 | D:4      | Found a staircase to the Ecumenical Temple.
  6048 | D:6      | Reached skill level 5 in Fighting
  7043 | D:7      | Reached XP level 9. HP: 68/68 MP: 10/13
  7391 | D:7      | Noticed Prince Ribbit
  7404 | D:7      | Killed Prince Ribbit
  7412 | D:7      | Reached skill level 5 in Conjurations
  8118 | D:8      | Noticed a two-headed ogre
  8127 | D:8      | Found a flagged portal.
  8145 | Bailey   | Entered a bailey
  8342 | Bailey   | Noticed an orc knight
  8349 | Bailey   | Learned a level 5 spell: Fireball
  8449 | Bailey   | Reached skill level 1 in Evocations
  8465 | Bailey   | Killed an orc knight
  8630 | Bailey   | Identified the +5 whip "Gubatay" {speed, +Blink rCorr SInv}
  9053 | D:8      | Killed a two-headed ogre
  9054 | D:8      | Gained mutation: You are partially covered in thin metallic
                  | scales. (AC +2) [demonic ancestry]
  9054 | D:8      | Reached XP level 10. HP: 45/74 MP: 1/14
  9459 | D:8      | Found a staircase to the Lair.
  9686 | D:8      | Noticed Joseph
  9820 | D:9      | Noticed a two-headed ogre
  9827 | D:9      | Killed a two-headed ogre
 10180 | D:9      | Upgraded the game from 0.29-a0-892-g2c4c91d9db to
                  | 0.29-a0-919-gd064cfad1c
 10485 | D:9      | Found a blossoming altar of Fedhas.
 10583 | D:9      | Reached skill level 6 in Fighting
 10669 | D:9      | Found a radiant altar of Vehumet.
 11282 | D:8      | Killed Joseph
 11764 | Temple   | Entered the Ecumenical Temple
 11782 | Temple   | Became a worshipper of Cheibriados the Contemplative
 11944 | D:10     | Entered Level 10 of the Dungeon
 12006 | D:10     | Found Zin's Purification Station.
 12057 | D:10     | Reached * piety under Cheibriados
 12077 | D:10     | Noticed Erica
 12087 | D:10     | Killed Erica
 12088 | D:10     | Gained mutation: You are mostly covered in thin metallic
                  | scales. (AC +3) [demonic ancestry]
 12088 | D:10     | Reached XP level 11. HP: 81/81 MP: 2/16
 12147 | D:10     | Noticed Lodul
 12163 | D:10     | Reached skill level 1 in Invocations
 12188 | D:10     | Reached ** piety under Cheibriados
 12273 | D:10     | Killed Lodul
 12274 | D:10     | Reached skill level 1 in Long Blades
 12658 | D:10     | Found a staircase to the Orcish Mines.
 12871 | D:11     | Found Xuboshi's Antique Weapon Boutique.
 13081 | D:11     | Noticed a two-headed ogre
 13090 | D:11     | Killed a two-headed ogre
 13198 | D:11     | Noticed a cyan ugly thing
 13199 | D:11     | Noticed a two-headed ogre
 13205 | D:11     | Killed a cyan ugly thing
 13206 | D:11     | Killed a two-headed ogre
 13490 | D:11     | Noticed a cyan ugly thing
 13495 | D:11     | Killed a cyan ugly thing
 13496 | D:11     | Reached skill level 5 in Invocations
 13686 | D:11     | Noticed an ice dragon
 13823 | Lair:1   | Entered Level 1 of the Lair of Beasts
 13831 | Lair:1   | Reached *** piety under Cheibriados
 13832 | Lair:1   | Reached skill level 5 in Translocations
 14019 | Lair:1   | Noticed a six-headed hydra
 14026 | Lair:1   | Killed a four-headed hydra
 14138 | Lair:1   | Reached XP level 12. HP: 82/89 MP: 18/18
 14207 | Lair:1   | Found a transporter.
 14208 | Lair:1   | Noticed Rucothra's ghost (journeyman DjFE)
 14210 | Lair:1   | Identified the +3 mace of Diet Blood {freeze, Int+4}
 14216 | Lair:1   | Found a transporter.
 14230 | Lair:1   | Reached skill level 10 in Fire Magic
 14257 | Lair:1   | Noticed a four-headed hydra
 14269 | Lair:1   | Killed a one-headed hydra
 14605 | Lair:1   | Reached **** piety under Cheibriados
 14731 | Lair:2   | Reached skill level 7 in Fighting
 14744 | Lair:2   | Noticed Amaemon
 14924 | Lair:2   | Found a staircase to the Swamp.
 15025 | Lair:2   | Reached skill level 5 in Spellcasting
 15059 | Lair:2   | Noticed an eight-headed hydra
 15072 | Lair:2   | Reached skill level 5 in Long Blades
 15078 | Lair:2   | Killed a four-headed hydra
 15235 | Lair:2   | Killed Amaemon
 16176 | Lair:3   | Found a burning altar of Makhleb.
 16486 | Lair:3   | Reached skill level 8 in Fighting
 16742 | Lair:3   | Gained mutation: You regenerate health from kills. [demonic
                  | ancestry]
 16742 | Lair:3   | Reached XP level 13. HP: 94/98 MP: 10/22
 16817 | Lair:3   | Found a staircase to the Snake Pit.
 16836 | Lair:3   | Reached ***** piety under Cheibriados
 17812 | Lair:4   | Found a viscous altar of Jiyva.
 17818 | Lair:4   | Found a staircase to the Slime Pits.
 17941 | Lair:4   | Reached skill level 5 in Dodging
 18145 | Lair:4   | You fall into a shaft and drop 1 floor!
 18145 | Lair:5   | Entered Level 5 of the Lair of Beasts
 18305 | Lair:5   | Reached skill level 9 in Fighting
 18321 | Lair:5   | Reached skill level 10 in Invocations
 18470 | Lair:5   | Noticed a dire elephant
 18488 | Lair:5   | Killed a dire elephant
 18606 | Lair:5   | Reached ****** piety under Cheibriados
 18627 | Lair:5   | Found a burning altar of Makhleb.
 18650 | Lair:5   | Found a gateway to Hell.
 18831 | Lair:5   | Reached XP level 14. HP: 108/108 MP: 24/24
 19145 | Lair:5   | Reached skill level 10 in Fighting
 20223 | Lair:1   | Killed Rucothra's ghost
 20752 | Orc:1    | Entered Level 1 of the Orcish Mines
 20796 | Orc:1    | Found a frozen archway.
 20828 | IceCv    | Entered an ice cave
 20953 | IceCv    | Found a transporter.
 20965 | IceCv    | Found a transporter.
 21268 | IceCv    | Identified the +0 helmet "Bipei" {*Corrode Fly Dex+6}
 21733 | Orc:1    | Found a runed translucent door.
 21737 | Orc:1    | Noticed a balrug
 21896 | Orc:2    | Entered Level 2 of the Orcish Mines
 21979 | Orc:2    | Found a staircase to the Elven Halls.
 22125 | Orc:2    | Noticed Nessos
 22153 | Orc:2    | Killed Nessos
 22192 | Orc:2    | Reached skill level 1 in Shields
 22438 | Orc:2    | Found Gatuob's General Store.
 22438 | Orc:2    | Found Liluf's Antique Armour Boutique.
 22440 | Orc:2    | Found Fuagoq's Armour Shop.
 22442 | Orc:2    | Found Enaklisk's Weapon Emporium.
 22447 | Orc:2    | Bought the +12 pair of quick blades "Gyre" and "Gimble"
                  | {protect} for 1190 gold pieces
 22447 | Orc:2    | Found the +12 pair of quick blades "Gyre" and "Gimble"
                  | {protect}
 23491 | D:12     | Gained mutation: A meltable icy envelope protects you from
                  | harm. (AC +0) [demonic ancestry]
 23491 | D:12     | Reached XP level 15. HP: 83/117 MP: 26/26
 23570 | D:12     | Noticed Urug
 23582 | D:12     | Killed Urug
 23583 | D:12     | Reached skill level 5 in Stealth
 24180 | D:13     | Reached skill level 11 in Fighting
 24446 | D:13     | Found a gate to the Vaults.
 24933 | Snake:1  | Entered Level 1 of the Snake Pit
 24994 | Snake:1  | Noticed Aizul
 25008 | Snake:1  | Killed Aizul
 26237 | Snake:2  | Reached skill level 1 in Armour
 26321 | Snake:2  | Found the ring of the Octopus King
 26327 | Snake:2  | Identified a ring of the Octopus King {rF+ HP+2 AC+2 EV+2
                  | SH+2}
 26465 | Snake:2  | Reached skill level 12 in Fighting
 26832 | Snake:2  | Gained mutation: You have hooves in place of feet. [demonic
                  | ancestry]
 26832 | Snake:2  | Reached XP level 16. HP: 125/128 MP: 29/29
 27369 | Snake:3  | Reached skill level 10 in Spellcasting
 27453 | Snake:3  | Reached skill level 5 in Necromancy
 27453 | Snake:3  | Reached XP level 17. HP: 135/135 MP: 31/31
 27751 | Snake:4  | Entered Level 4 of the Snake Pit
 28032 | Snake:4  | Identified Roxanne's Papyrus of the Geologist
 28032 | Snake:4  | Noticed Roxanne
 28216 | Snake:4  | Reached skill level 13 in Fighting
 28283 | Snake:4  | Identified the +8 chain mail "Nemip" {rElec}
 28283 | Snake:4  | Noticed Vashnia
 28642 | Snake:4  | Reached skill level 5 in Evocations
 28642 | Snake:4  | Killed Vashnia
 28643 | Snake:4  | Mangled by a salamander tyrant

Illustrated notes

Levels and vault maps discovered:
D:1:      nicolae_arrival_washed_ashore, layout_rooms
D:2:      minmay_door_path, layout_basic, serial_shops,
          nicolae_shop_hallway_stairs, st_stairs_11
D:3:      layout_rooms, chequers_serial_rivers_small_b
D:4:      layout_basic, kennysheep_mini_moat, mainiacjoe_overflow_tiny_flanked,
          mainiacjoe_overflow_alcove_4, temple_doors_cd,
          kennysheep_generic_room_15, uniq_natasha, uniq_menkaure
D:5:      layout_loops_corners, lemuel_crystal_altar, small_statue_intersection,
          chequers_serial_rivers_large_b, hangedman_decor_peaks_small,
          minivault_4, kennysheep_opposing_triangles, uniq_crazy_yiuf_cottage
D:6:      hangedman_cross_stitches, layout_basic
D:7:      layout_layer_cave, dreamdust_wishing_well, hangedman_decor_growths,
          uniq_prince_ribbit1
D:8:      layout_basic, lair_entry_dummy, enter_bailey_4,
          corexii_mini_fake_secret_closet, uniq_joseph
D:9:      layout_stronghold, fiery_altar_vehumet, lemuel_tele_altar,
          serial_bayou_lake_a
D:10:     layout_cross, zin_purify, david_orc_5, uniq_lodul, uniq_erica
D:11:     layout_roguey, serial_shops, nicolae_shop_behind_doors,
          minmay_three_doors
D:12:     cheibrodos_frozen_isle, layout_basic, uniq_urug
D:13:     layout_cave_pools, david_vaults_1, serial_undead, serial_undead_e,
          serial_undead_c, serial_undead_c, serial_undead_a, serial_undead_a,
          serial_undead_a
Temple:   nicolae_temple_bog_church
Lair:1:   layout_roguey, gammafunk_ghost_arena, lemuel_fruit_fields,
          grunt_megastairs_4
Lair:2:   layout_cave_pods, swamp_mist, grunt_megastairs_1, uniq_amaemon
Lair:3:   layout_layer_cave, minmay_snake_entry_guardpost_small, basic_altar,
          chequers_serial_rivers_room_b, nicolae_quartered_pool_medium
Lair:4:   layout_gridlike, dpeg_slime_entry_corner
Lair:5:   evil_forest, layout_gridlike
Snake:1:  layout_layer_cave, uniq_aizul
Snake:2:  nicolae_snake_unarmed_stairs_patrol, layout_misc_corridors,
          nicolae_snake_guarding_the_ruins
Snake:3:  layout_rooms
Snake:4:  snake_pit, layout_cave_town, uniq_roxanne, uniq_vashnia
Orc:1:    dreamdust_dug_too_deep, layout_diamond_mine,
          portal_ice_cave_entry_ice_simulacra
Orc:2:    st_orc_rangers, layout_caves, uniq_nessos

Skill      XL: |  1  2  3  4  5  6  7  8  9 10 11 12 13 14 15 16 17 |
---------------+----------------------------------------------------+-----
Short Blades   | 1 2 3 4 5 6 7 |  7.0
Stealth        | 2 3 4 8 9 |  9.4
Fighting       | 2 3 4 5 6 8 9 10 12 13 | 13.1
Translocations | 1 2 3 5 6 8 |  8.0
Fire Magic     | 2 3 7 8 9 10 | 10.0
Conjurations   | 2 4 5 7 |  7.0
Dodging        | 3 4 6 8 |  8.7
Evocations     | 1 2 3 5 |  5.1
Invocations    | 6 8 10 11 12 | 12.5
Long Blades    | 4 5 7 9 |  9.5
Spellcasting   | 4 6 7 9 10 | 10.6
Shields        | 2 |  2.1
Armour         | 3 4 |  4.0
Necromancy     | 5 |  5.7
Summonings     | |  1.0

Action                   |  1- 3 |  4- 6 |  7- 9 | 10-12 | 13-15 | 16-18 || total
-------------------------+-------+-------+-------+-------+-------+-------++-------
Melee: Dagger            |   151 |   114 |   353 |   203 |       |       ||   821
       Punch             |     1 |       |     8 |    13 |    10 |       ||    32
       Kick              |    27 |    39 |   135 |     9 |       |   157 ||   367
       Scimitar          |       |       |       |   433 |   704 |       ||  1137
       Unarmed           |       |       |       |     5 |       |       ||     5
       Pair of quick bla |       |       |       |       |   594 |   316 ||   910
 Cast: Magic Dart        |       |     4 |    20 |       |       |       ||    24
       Blink             |       |     1 |     6 |     8 |    17 |     4 ||    36
       Sticky Flame      |       |       |    21 |     3 |       |       ||    24
       Fireball          |       |       |       |    48 |    55 |    10 ||   113
Invok: Slouch            |       |       |       |     3 |     9 |     6 ||    18
Evoke: Wand              |       |       |     5 |    26 |    17 |       ||    48
  Use: Scroll            |     1 |    10 |     9 |     7 |     8 |     5 ||    40
       Potion            |     1 |     1 |     4 |       |     1 |     6 ||    13
 Stab: Sleeping          |     5 |     5 |     3 |     9 |    13 |     2 ||    37
       Distracted        |       |       |       |       |     3 |     1 ||     4
Armor: Robe              |    65 |    37 |    42 |       |    11 |       ||   155
       Steam dragon scal |       |       |    91 |    72 |       |       ||   163
       Troll leather arm |       |       |       |   285 |   307 |    78 ||   670
       Skin              |       |       |       |    25 |       |       ||    25
Dodge: Dodged            |    89 |    60 |   189 |   525 |  1082 |   217 ||  2162
Block: Other             |       |    17 |    72 |   392 |   507 |   116 ||  1104
       Reflection        |       |       |       |     8 |    41 |    29 ||    78

Table legend: (Time is in decaauts)
 A = Elapsed time spent in this place.
 B = Non-inter-level travel time spent in this place.
 C = Inter-level travel time spent in this place.
 D = Time resting spent in this place.
 E = Time spent auto-exploring this place.
 F = Levels seen in this place.
 G = Mean time per level.
                   A        B        C        D        E       F      G
               +--------+--------+--------+--------+--------+-----+--------+
         Total |  36922 |  33410 |   3512 |    465 |  26926 |  27 | 1367.5 |
       Dungeon |  17186 |  15079 |   2107 |    135 |  12558 |  13 | 1322.0 |
        Temple |     41 |     11 |     30 |      0 |      4 |   1 |   41.0 |
          Lair |   9802 |   9137 |    665 |     97 |   7303 |   5 | 1960.4 |
     Snake Pit |   5783 |   5437 |    346 |      0 |   4503 |   4 | 1445.8 |
  Orcish Mines |   2728 |   2366 |    362 |      0 |   1855 |   2 | 1364.0 |
        Bailey |    840 |    840 |      0 |      0 |    581 |   1 |  840.0 |
      Ice Cave |    538 |    538 |      0 |    233 |    121 |   1 |  538.0 |
               +--------+--------+--------+--------+--------+-----+--------+

Top non-repeatable levels by time:
  Lair:5: 2455 daAuts
 Snake:1: 2323 daAuts
  Lair:3: 2203 daAuts
     D:9: 1956 daAuts
     D:5: 1924 daAuts
  Lair:2: 1855 daAuts
  Lair:4: 1676 daAuts
    D:12: 1665 daAuts
 Snake:2: 1633 daAuts
  Lair:1: 1611 daAuts
    D:11: 1610 daAuts
   Orc:1: 1518 daAuts
     D:8: 1505 daAuts
     D:6: 1327 daAuts
 Snake:4: 1229 daAuts
